 Dungeon Crawl Stone Soup version 0.31.0-12-g77e489cdc1 (webtiles) character file.

Game seed: 8590753021891459809

53 Curundu the Chopper (level 3, -2/34 HPs)
             Began as a Minotaur Berserker on Feb 12, 2024.
             Was a Believer of Trog.
             Slain by a gnoll
             ... wielding a +0 spear
              (5 damage)
             ... on level 3 of the Dungeon.
             The game lasted 00:03:23 (2033 turns).

Curundu the Chopper (Minotaur Berserker)            Turns: 2033, Time: 00:03:23

Health: -2/34      AC:  6    Str: 23    XL:     3   Next: 62%
Magic:  2/2        EV: 10    Int:  4    God:    Trog [**....]
Gold:   77         SH:  0    Dex:  9    Spells: 2/2 levels left

rFire   . . .        a - +0 hand axe
rCold   . . .        (no shield)
rNeg    . . .        j - +0 scale mail
rPois   .            (helmet restricted)
rElec   .            (no cloak)
rCorr   .            (no gloves)
SInv    .            (no boots)
Will    .....        (no amulet) Stlth
                     (no ring)
HPRegen 0.25/turn    (no ring)
MPRegen 0.08/turn

%: no passive effects
@: no status effects
A: horns 2, retaliatory headbutt
a: Renounce Religion, Berserk, Trog's Hand


You were on level 3 of the Dungeon.
You worshipped Trog.
Trog was pleased with you.
You visited 1 branch of the dungeon, and saw 3 of its levels.

You collected 77 gold pieces.

Inventory:

Hand Weapons
 a - a +0 hand axe (weapon)
Armour
 j - a +0 scale mail (worn)
Scrolls
 c - a scroll of revelation {unknown}
 d - 2 scrolls of poison {unknown}
 e - 3 scrolls of teleportation {unknown}
 g - a scroll of vulnerability {unknown}
 h - a scroll of fear {unknown}
 m - a scroll of noise {unknown}
Potions
 b - a potion of curing {unknown}
 f - 2 potions of resistance {unknown}
 i - a potion of might {unknown}
 k - a potion of brilliance {unknown}
 l - a potion of cancellation {unknown}


   Skills:
 + Level 4.5 Fighting
 + Level 4.6 Axes
 + Level 2.6 Armour
 + Level 2.4 Dodging


You had 2 spell levels left.
You didn't know any spells.
Your spell library was empty.

Dungeon Overview and Level Annotations

Branches:
Dungeon (3/15)

Altars:
Sif Muna


Innate Abilities, Weirdness & Mutations

You have a pair of horns on your head.
You reflexively headbutt those who attack you in melee.


Message History

The gnoll hits you from afar with a +0 spear.
The gnoll barely misses you.
You slash the ribbon worm!
The ribbon worm is heavily wounded.
The gnoll hits you from afar with a +0 spear.
You slash the ribbon worm!
You kill the ribbon worm!
Trog accepts your kill. The gnoll barely misses you.
You completely miss the hobgoblin. You headbutt the hobgoblin.
The hobgoblin is severely wounded.
The gnoll hits you from afar with a +0 spear.
The hobgoblin closely misses you.
You hit the hobgoblin.
You kill the hobgoblin!
Trog accepts your kill.
The gnoll throws a throwing net.
The throwing net hits you.
You become entangled in the net!
The gnoll hits you from afar with a +0 spear.
You tear a large gash into the net.
The gnoll hits you from afar with a +0 spear.
You shred the net and break free! The gnoll hits you but does no damage.
You hit the gnoll.
The gnoll is heavily wounded.
The gnoll hits you from afar with a +0 spear!
You hit the gnoll but do no damage. You barely miss the gnoll.
The gnoll hits you with a +0 flail. The gnoll hits you but does no damage.
The gnoll hits you with a +0 club.
You hit the gnoll. Your headbutt misses the gnoll. You punch the gnoll.
The gnoll is lightly wounded.
You closely miss the gnoll. The gnoll closely misses you.
You furiously retaliate!
You headbutt the gnoll. The gnoll hits you but does no damage.
The gnoll hits you with a +0 flail.
* * * LOW HITPOINT WARNING * * *
You slash the gnoll! Your headbutt misses the gnoll.
The gnoll is almost dead.
You closely miss the gnoll. The gnoll hits you with a +0 flail.
* * * LOW HITPOINT WARNING * * *
The gnoll hits you from afar with a +0 spear.
You die...

### ..# # #.# #.######
###.# ##...g#g####.#.#
......g@.##....# #
#####.#.##.#.#.#########
# #.................
####.#.#.#########
##...## # ##.## #.# ###
#.# #.. #.. #.#


You could see 3 gnolls.

Vanquished Creatures
  2 dart slugs
  2 ribbon worms (D:3)
  5 endoplasms
  3 giant cockroaches (D:1)
  5 goblins
  5 hobgoblins
  4 jackals (D:2)
  A quokka (D:3)
  3 ball pythons
  3 bats (D:1)
  5 frilled lizards
  A kobold (D:1)
  5 rats
44 creatures vanquished.

Notes
Turn   | Place    | Note
-------+----------+-------------------------------------------
     0 | D:1      | Curundu the Minotaur Berserker began the quest for the Orb.
     0 | D:1      | Reached XP level 1. HP: 19/19 MP: 0/0
   124 | D:1      | Reached XP level 2. HP: 27/27 MP: 1/1
  1051 | D:2      | Reached XP level 3. HP: 19/33 MP: 2/2
  1182 | D:2      | Identified the +0 kite shield of Yesterday {+Inv rC-
                  | Slay+4}
  1349 | D:2      | Reached ** piety under Trog
  1763 | D:3      | Found a faded altar of an unknown god.
  1942 | D:3      | Found a shimmering blue altar of Sif Muna.
  2033 | D:3      | Slain by a gnoll

Illustrated notes

Levels and vault maps discovered:
D:1:      amcnicky_arrival_double_pillar, layout_basic
D:2:      layout_basic
D:3:      layout_loops_ring, nicolae_overflow_hidden_temple,
          nicolae_sif_muna_little_library,
          hellmonk_ecumenical_altar_prayer_group, cheibrodos_sewer_entry_bend

Skill      XL: |  1  2 |
---------------+-------+-----
Axes           | 4 |  4.6
Fighting       | 4 |  4.5
Armour         | |  2.6
Dodging        | |  2.4

Action                     || total
---------------------------++-------
  Melee: Hand axe          ||    92
         Headbutt          ||    10
         Punch             ||     1
 Armour: Animal skin       ||    44
         Scale mail        ||    29
  Dodge: Dodged            ||    55
